 Dungeon Crawl Stone Soup version 0.21.0-3-g78d12a8 (webtiles) character file.

508227 Dfrag the Luminary of Lethal Lore (level 25, -2/197 HPs)
             Began as a Gnoll Fire Elementalist on Jan 8, 2018.
             Was the Champion of Vehumet.
             Slain by an ettin
             ... wielding a +0 dire flail
              (37 damage)
             ... while paralysed by a lich
             ... on level 2 of the Depths on Jan 10, 2018.
             The game lasted 03:49:21 (60135 turns).

Dfrag the Luminary of Lethal Lore (GnFE)           Turns: 60135, Time: 03:49:21

Health: -2/197     AC: 34    Str: 19    XL:     25   Next: 4%
Magic:  10/39      EV:  2    Int: 32    God:    Vehumet [******]
Gold:   1555       SH:  0    Dex: 21    Spells: 12/56 levels left

rFire    + + .     SeeInvis .   J - staff of fire
rCold    . . .     Gourm    .   r - +1 shield {rN+}
rNeg     + . .     Faith    .   Y - +4 troll leather armour
rPois    .         Spirit   .   y - +5 helmet of the Rose {Str+7 Stlth+}
rElec    .         Reflect  .   I - +0 cloak
rCorr    .         Harm     .   p - +2 pair of gloves {Dex+3}
MR       +....                  H - +0 pair of boots {Fly}
Stlth    ++++++++..             q - amulet of magic regeneration
HPRegen  0.82/turn              O - ring of Robustness {AC+8}
MPRegen  0.51/turn              P - +4 ring of intelligence

@: paralysed, flying, very slightly contaminated, studying Stealth
A: distributed training, fangs 1, icy blue scales 1, molten scales 1, clever 1,
deformed body, fire resistance 1, low mp 1, wild magic 2, evolution 1, sturdy
frame 1, strong nose
}: 3/15 runes: barnacled, slimy, gossamer
a: Renounce Religion, Stop Flying


You were on level 2 of the Depths.
You worshipped Vehumet.
Vehumet was exalted by your worship.
You were near starving.

You visited 10 branches of the dungeon, and saw 46 of its levels.
You visited 1 bazaar.
You also visited: Sewer, Ossuary and Ice Cave.

You collected 5118 gold pieces.
You spent 3563 gold pieces at shops.

Inventory:

Hand Weapons
 G - the +9 morningstar of Wuvitsor {crush, MR++ MP+9}
   (You found it in an ice cave)

   It inflicts extra damage upon your enemies.
   It affects your resistance to hostile enchantments.
   It affects your magic capacity (+9).
Missiles
 b - 16 javelins of penetration (quivered)
Armour
 p - a +2 pair of gloves of dexterity (worn)
 r - a +1 shield of positive energy (worn)
 y - the +5 helmet of the Rose (worn) {Str+7 Stlth+}
   (You found it on level 15 of the Dungeon)

   It affects your strength (+7).
   It makes you more stealthy.
 A - the +0 pair of boots of Generosity {rF++ Int-3 Dex+4 SInv}
   (You bought it in a shop on level 6 of the Dungeon)

   It affects your intelligence (-3).
   It affects your dexterity (+4).
   It greatly protects you from fire.
   It lets you see invisible.
 H - a +0 pair of boots of flying (worn)
 I - a +0 cloak (worn)
 Y - a +4 troll leather armour (worn)
Magical Staves
 B - an uncursed staff of conjuration
 D - an uncursed staff of wizardry
 J - an uncursed staff of fire (weapon)
 R - an uncursed staff of energy
Jewellery
 q - an amulet of magic regeneration (around neck)
 M - the ring of Vuutzin {rC+ MR+}
   (You found it on level 5 of the Pits of Slime)

   [ring of protection from magic]

   It protects you from cold.
   It affects your resistance to hostile enchantments.
 O - the ring of Robustness (left hand) {AC+8}
   (You found it on level 11 of the Dungeon)

   [ring of protection]

   It affects your AC (+8).
 P - a +4 ring of intelligence (right hand)
 V - a cursed -2 ring of intelligence
Wands
 T - a wand of digging (9)
Scrolls
 d - 25 scrolls of remove curse
 e - 5 scrolls of fog
 h - 7 scrolls of fear
 j - 7 scrolls of enchant armour
 m - 12 scrolls of teleportation
 o - 13 scrolls of amnesia
 s - a scroll of summoning
 t - 3 scrolls of identify
 K - 2 scrolls of magic mapping
 L - 2 scrolls of holy word
 Q - 8 scrolls of blinking
Potions
 f - 7 potions of haste
 g - 21 potions of curing
 l - 4 potions of mutation
 n - 5 potions of cancellation
 u - 6 potions of brilliance
 v - 7 potions of heal wounds
 z - 8 potions of ambrosia
 E - 4 potions of lignification
 F - 6 potions of magic
 N - 4 potions of flight
 S - 2 potions of invisibility
 X - a potion of resistance
 Z - 3 potions of berserk rage
Books
 a - a book of the Warp

   Spells                             Type                      Level
   a - Gell's Gravitas                Translocation                3
   b - Portal Projectile              Hexes/Translocation          3
   c - Force Lance                    Conjuration/Translocation    4
   d - Dispersal                      Translocation                6
   e - Controlled Blink               Translocation                8
   f - Disjunction                    Translocation                8
 k - a manual of Stealth
 w - a book of Annihilations

   Spells                             Type                      Level
   a - Poison Arrow                   Conjuration/Poison           6
   b - Chain Lightning                Conjuration/Air              8
   c - Lehudib's Crystal Spear        Conjuration/Earth            8
   d - Glaciate                       Conjuration/Ice              9
   e - Fire Storm                     Conjuration/Fire             9
 x - a book of Transfigurations

   Spells                             Type                      Level
   a - Irradiate                      Conjuration/Transmutation    5
   b - Statue Form                    Transmutation/Earth          6
   c - Hydra Form                     Transmutation                6
   d - Dragon Form                    Transmutation                7
 C - a Necronomicon

   Spells                             Type                      Level
   a - Haunt                          Necromancy/Summoning         7
   b - Borgnjor's Revivification      Necromancy                   8
   c - Death's Door                   Charms/Necromancy            8
   d - Infestation                    Necromancy                   8
   e - Necromutation                  Transmutation/Necromancy     8
 W - a book of Power

   Spells                             Type                      Level
   a - Iskenderun's Battlesphere      Conjuration/Charms           5
   b - Venom Bolt                     Conjuration/Poison           5
   c - Bolt of Magma                  Conjuration/Fire/Earth       5
   d - Iron Shot                      Conjuration/Earth            6
   e - Orb of Destruction             Conjuration                  7
   f - Spellforged Servitor           Conjuration/Summoning        7
Miscellaneous
 i - a sack of spiders
Comestibles
 c - 47 rations


   Skills:
 + Level 15.8 Fighting
 + Level 15.8 Short Blades
 + Level 15.8 Long Blades
 + Level 15.8 Axes
 + Level 15.8 Maces & Flails
 + Level 15.8 Polearms
 + Level 15.8 Staves
 + Level 15.8 Slings
 + Level 15.8 Bows
 + Level 15.8 Crossbows
 + Level 15.8 Throwing
 + Level 15.8 Armour
 + Level 16.3 Dodging
 + Level 16.7 Stealth
 + Level 15.8 Shields
 + Level 15.8 Unarmed Combat
 + Level 16.4 Spellcasting
 + Level 13.8 Conjurations
 + Level 13.6 Hexes
 + Level 13.6 Charms
 + Level 13.6 Summonings
 + Level 13.6 Necromancy
 + Level 13.6 Translocations
 + Level 13.6 Transmutations
 + Level 14.5 Fire Magic
 + Level 13.6 Ice Magic
 + Level 13.6 Air Magic
 + Level 13.6 Earth Magic
 + Level 14.1 Poison Magic
 + Level 17.0 Invocations
 + Level 15.8 Evocations


You had 12 spell levels left.
You knew the following spells:

 Your Spells              Type           Power        Failure   Level  Hunger
a - Flame Tongue          Conj/Fire      #####        1%          1    None
b - Conjure Flame         Conj/Fire      ########     1%          3    None
c - Sticky Flame          Conj/Fire      ########     1%          4    None
d - Fireball              Conj/Fire      ########..   1%          5    None
e - Freezing Cloud        Conj/Ice/Air   ########..   1%          6    ##.....
f - Orb of Destruction    Conj           ########..   3%          7    ####...
g - Airstrike             Air            ########..   1%          4    None
h - Poison Arrow          Conj/Pois      ########..   1%          6    ##.....
i - Ignition              Fire           ########..   13%         8    ######.


Dungeon Overview and Level Annotations

Branches:
Dungeon (15/15)            Temple (1/1) D:6            Lair (6/6) D:8
 Shoals (4/4) Lair:2       Spider (4/4) Lair:2        Slime (5/5) Lair:6
    Orc (2/2) D:9             Elf (3/3) Orc:2        Vaults (4/5) D:13
  Crypt (0/3) Vaults:2     Depths (2/5) D:15

Altars:
Ashenzari
Cheibriados
Dithmenos
Elyvilon
Fedhas
Gozag
Hepliaklqana
Kikubaaqudgha
Makhleb
Nemelex Xobeh
Okawaru
Qazlal
Ru
Sif Muna
Trog
Uskayaw
Vehumet
Wu Jian
Xom
Yredelemnul
Zin
The Shining One
Lugonu

Shops:
D:4 }   D:6 [   D:9 ([   D:11 =   Orc:2 *?*((   Elf:1 !:   Elf:2 *%!*
Vaults:2 }

Portals:
Hell: Depths:1 Depths:2
Abyss: Depths:2
Trove: Vaults:2 (show abyssal rune of Zot)


Innate Abilities, Weirdness & Mutations

Your experience applies equally to all skills.
You have very sharp teeth.
Your uncanny sense of smell can sniff out nearby items.
You are partially covered in icy blue scales. (AC +2)
You are partially covered in molten scales. (AC +2)
Your mind is acute. (Int +2)
Armour fits poorly on your strangely shaped body.
Your flesh is heat resistant. (rF+)
Your magical capacity is low. (-10% MP)
Your spells are harder to cast, but more powerful.
You evolve.
Your movements are slightly less encumbered by armour. (ER -2)


Message History

Casting: Sticky Flame
Confirm with . or Enter, or press ? or * to list all spells.
You can't see any susceptible monsters within range! (Use Z to cast anyway.) Unknown command.
Unknown command.
The orb of destruction hits a rock wall.
The lich points at you and mumbles some strange words.
You suddenly lose the ability to move!
The lich launches a ball of destructive magic.
The wavering orb of destruction weakly hits you!
The ettin hits you but does no damage. The ettin hits you with a dire flail!
* * * LOW HITPOINT WARNING * * *
The lich mumbles some strange words.
The lich seems to speed up.
The ettin hits you but does no damage. The ettin hits you with a dire flail!
* * * LOW HITPOINT WARNING * * *
The lich touches you but does no damage. x2
The ettin hits you but does no damage. x2
The lich barely misses you. The ettin hits you with a dire flail!!!
You die...

#.C## ###..#.......#. #.#
#####........ #.######
##........# #.CL%..##
#........## ######...#
#......#..#
##...#....####....##...
##.........#............
##......LC.......###...##
##.......@....)>..##.....#
#.........................
##........................
##......................[
##..#.##................
###....................
##..≈.....#.#..(.....
##.≈...###.##.......
##.)....##...####....


You could see a lich and an ettin.

Vanquished Creatures
  the Royal Jelly (Slime:5)
  A juggernaut (Depths:2)
  Bai Suzhen (Shoals:3)
  Margery (Vaults:4)
  A caustic shrike (shapeshifter) (Vaults:4)
  The ghost of Salasann the Sensei, an adept DsBe of Trog (Depths:2)
  An Ice Fiend (IceCv)
  Jorgrun (Elf:3)
  3 deep elf master archers (Elf:3)
  2 krakens
  A lich (Vaults:4)
  A quicksilver dragon (Vaults:4)
  28 acid blobs
  Polyphemus (Shoals:3)
  A sphinx (Depths:2)
  4 deep elf blademasters
  A storm dragon (Depths:1)
  Roxanne (Shoals:1)
  15 azure jellies
  A tengu reaver (Vaults:4)
  Ilsuiw (Shoals:4)
  7 frost giants
  2 fire giants
  11 deep elf sorcerers
  17 vault wardens
  A ghost moth (Spider:4)
  7 emperor scorpions
  Aizul (Spider:2)
  An orc warlord (Orc:1)
  3 deep elf elementalists (Elf:3)
  Louise (Shoals:1)
  16 ironheart preservers
  A war gargoyle (Vaults:4)
  6 very ugly things
  5 entropy weavers
  7 stone giants
  A vampire knight (Depths:1)
  7 deep elf annihilators
  Nessos (Lair:5)
  7 deep elf demonologists
  Azrael (Spider:2)
  4 dire elephants (Lair:6)
  4 spark wasps
  7 ettins
  7 merfolk javelineers
  5 merfolk impalers
  2 deep elf death magi (Elf:3)
  10 death oozes
  4 fire dragons
  Snorg (D:11)
  5 great orbs of eyes
  3 deep elf high priests (Elf:3)
  Erolcha (D:10)
  5 ice dragons
  6 vault guards
  9 yaktaur captains
  3 jiangshi (Depths:2)
  4 rakshasas
  8 hydras
  A hell beast (Depths:1)
  2 catoblepae
  A spriggan air mage (Depths:2)
  12 centaur warriors
  4 death knights
  9 merfolk aquamancers
  An anaconda (Lair:6)
  The ghost of EphemeralWolf the Blocker, a novice MiBe of Trog (Lair:1)
  Erica (D:9)
  53 two-headed ogres
  An alligator snapping turtle (Shoals:4)
  3 satyrs (Shoals:2)
  3 deep troll earth magi
  7 tengu warriors
  6 deep troll shamans
  5 merfolk avatars
  6 death yaks
  5 orc high priests (Orc:2)
  29 dancing weapons
  16 ogre magi
  Urug (D:10)
  2 vampire magi (Depths:2)
  A shock serpent (shapeshifter) (Vaults:4)
  2 spriggan berserkers (Depths:2)
  Nergalle (Lair:1)
  6 hell knights (Vaults:4)
  16 deep elf knights
  Sonja (D:13)
  10 skeletal warriors
  2 shadow wraiths
  2 storm dragon skeletons
  A spark wasp zombie (Depths:1)
  5 glowing orange brains
  24 sea snakes
  A flayed ghost (Vaults:4)
  A shadow dragon zombie (Vaults:3)
  4 unseen horrors
  13 deep elf archers
  14 deep trolls
  A wizard (Depths:1)
  22 harpies
  5 necromancers
  A sphinx zombie (Depths:1)
  13 ironbrand convokers
  15 orc knights
  15 orb spiders
  A phantasmal warrior (D:14)
  An iron dragon zombie (Depths:1)
  An orb spider (shapeshifter) (Depths:2)
  12 fauns
  A wolf spider zombie (D:12)
  9 shining eyes
  25 ugly things
  2 oklob plants (Lair:1)
  9 cyclopes
  11 manticores
  35 wolf spiders
  50 deep elf magi
  A manticore (shapeshifter) (Vaults:4)
  A fire giant zombie (Vaults:3)
  2 orc sorcerers
  A stone giant skeleton (Vaults:3)
  A salamander (shapeshifter) (D:15)
  A moth of wrath (Spider:4)
  A tengu skeleton (Vaults:2)
  4 elephants (Lair:6)
  A rust devil (Depths:1)
  7 merfolk sirens
  6 black mambas
  11 vault sentinels
  Joseph (Lair:1)
  7 water nymphs
  A frost giant skeleton (Vaults:2)
  An elephant (shapeshifter) (D:13)
  Psyche (D:8)
  An ice statue (IceCv)
  2 eyes of devastation
  A torpor snail (shapeshifter) (Depths:2)
  2 gargoyles
  12 spiny frogs
  A torpor snail (Spider:3)
  A rime drake (shapeshifter) (Depths:1)
  12 demonic crawlers
  9 komodo dragons
  5 ice devils
  A golden dragon simulacrum (IceCv)
  4 freezing wraiths
  32 yaktaurs
  3 rime drakes
  A kobold demonologist (D:11)
  4 anaconda simulacra (IceCv)
  A red devil (Depths:1)
  5 human skeletons
  A yaktaur skeleton (Vaults:2)
  33 merfolk
  7 trolls
  A meliai (D:11)
  44 jumping spiders
  5 hornets
  A meliai (shapeshifter) (Vaults:4)
  A wind drake (shapeshifter) (Vaults:1)
  2 wolf spider simulacra
  A queen bee (shapeshifter) (Vaults:2)
  A raiju (shapeshifter) (D:13)
  30 blink frogs
  86 slime creatures
  5 dream sheep
  10 snapping turtles
  A fire dragon skeleton (Depths:1)
  11 hippogriffs
  3 human simulacra
  A vampire (D:11)
  Sigmund (D:6)
  4 dire elephant simulacra (IceCv)
  4 flying skulls (D:10)
  16 water elementals
  82 redbacks
  A spriggan (Depths:2)
  6 shadows
  3 wyverns
  26 tarantellas
  11 wraiths
  The ghost of laceratedsky the Chopper, an amateur MiBe of Trog (D:4)
  10 basilisks
  A tarantella (shapeshifter) (Vaults:1)
  4 fire elementals
  A golden eye (Slime:5)
  33 yaks
  2 death yak simulacra (IceCv)
  2 hungry ghosts
  A hog (shapeshifter) (Vaults:1)
  2 vampire mosquitoes (D:15)
  3 iron troll simulacra (IceCv)
  An acid dragon (shapeshifter) (Vaults:1)
  A harpy simulacrum (IceCv)
  Menkaure (D:7)
  A naga (shapeshifter) (Vaults:3)
  9 wargs
  6 porcupines
  5 acid dragons
  3 hell hounds (Spider:2)
  2 hydra simulacra (IceCv)
  12 water moccasins
  10 ice beasts
  2 deep troll skeletons (Vaults:2)
  A floating eye (Depths:1)
  5 black bears
  3 hornet zombies
  A deep troll simulacrum (Depths:1)
  51 orc warriors
  A sky beast (shapeshifter) (Vaults:2)
  6 sky beasts
  11 eyes of draining
  An eye of draining (shapeshifter) (Depths:1)
  4 necrophages
  13 boggarts
  A phantom (D:13)
  41 ogres
  34 centaurs
  An elf skeleton (Vaults:2)
  An orc skeleton (Vaults:2)
  4 wolves (Lair:6)
  19 crocodiles
  11 big kobolds
  22 bullfrogs
  A bullfrog (shapeshifter) (Vaults:4)
  2 earth elementals
  A wyvern zombie (D:10)
  A hornet simulacrum (D:15)
  3 wyvern skeletons
  4 killer bees (D:11)
  4 scorpions
  A swamp dragon simulacrum (IceCv)
  4 wights
  5 electric eels
  2 howler monkeys
  5 crimson imps
  2 centaur zombies
  A bullfrog zombie (D:10)
  5 quasits
  A hound (shapeshifter) (Vaults:2)
  7 jellies
  16 orc wizards
  30 orc priests
  4 gnoll shamans
  6 hounds
  An iron imp (D:7)
  8 bullfrog skeletons
  10 centaur skeletons
  2 iguanas
  Ijyb (D:3)
  Natasha (twice) (D:3)
  12 worker ants
  4 hell rats (Lair:4)
  5 troll simulacra (IceCv)
  2 polar bear simulacra (IceCv)
  2 spriggan simulacra
  2 wolf simulacra (IceCv)
  3 centaur simulacra (IceCv)
  2 big kobold zombies (Ossuary)
  A hound zombie (D:10)
  2 hound skeletons
  2 howler monkey zombies
  8 mummies (Ossuary)
  A worker ant zombie (D:6)
  10 gnolls
  3 naga simulacra (IceCv)
  10 river rats (Sewer)
  15 adders
  5 ogre simulacra (IceCv)
  4 shadow imps
  5 white imps (IceCv)
  8 ufetubi (IceCv)
  An adder zombie (D:10)
  An ooze (D:1)
  4 adder skeletons
  3 worms
  10 leopard geckos
  102 orcs
  6 giant cockroaches
  3 gnoll zombies (Ossuary)
  5 goblins
  3 hobgoblins
  4 jackals
  42 kobolds
  12 quokkas
  4 ball pythons
  7 bats
  2 frilled lizards
  2 hobgoblin zombies (Ossuary)
  2 orc zombies
  A quokka skeleton (D:6)
  17 rats
  3 crawling corpses (Elf:3)
  A fungus (Lair:1)
  25 plants
  5 tentacles
2148 creatures vanquished.

Vanquished Creatures (others)
  A vault warden (Vaults:3)
  A great orb of eyes (Slime:4)
  A shadow wraith (Vaults:1)
  A harpy (Shoals:3)
  A deep elf mage (Elf:1)
  A wolf spider (Spider:2)
  A jumping spider (Spider:2)
  A human skeleton (Vaults:2)
  An electric eel (Spider:2)
  17 fungi
  32 plants
  37 tentacles
95 creatures vanquished.

Grand Total: 2243 creatures vanquished

Notes
Turn   | Place    | Note
-------+----------+-------------------------------------------
     0 | D:1      | Dfrag the Gnoll Fire Elementalist began the quest for the Orb.
     0 | D:1      | Reached XP level 1. HP: 13/13 MP: 6/6
   145 | D:1      | Reached XP level 2. HP: 19/19 MP: 1/7
   603 | D:2      | Reached XP level 3. HP: 12/25 MP: 2/9
   611 | D:2      | Reached skill level 5 in Spellcasting
   709 | D:2      | Reached skill level 1 in Invocations
   786 | D:2      | Reached skill level 1 in Fighting
   786 | D:2      | Reached skill level 1 in Short Blades
   786 | D:2      | Reached skill level 1 in Long Blades
   786 | D:2      | Reached skill level 1 in Axes
   786 | D:2      | Reached skill level 1 in Maces & Flails
   786 | D:2      | Reached skill level 1 in Polearms
   786 | D:2      | Reached skill level 1 in Staves
   786 | D:2      | Reached skill level 1 in Slings
   786 | D:2      | Reached skill level 1 in Bows
   786 | D:2      | Reached skill level 1 in Crossbows
   786 | D:2      | Reached skill level 1 in Throwing
   786 | D:2      | Reached skill level 1 in Armour
   786 | D:2      | Reached skill level 1 in Shields
   786 | D:2      | Reached skill level 1 in Unarmed Combat
   786 | D:2      | Reached skill level 1 in Evocations
   935 | D:2      | Reached XP level 4. HP: 26/32 MP: 6/11
   965 | D:2      | Learned a level 3 spell: Conjure Flame
   970 | D:2      | Learned a level 4 spell: Sticky Flame
  1359 | D:3      | Noticed Ijyb
  1430 | D:3      | Killed Ijyb
  1430 | D:3      | Reached skill level 1 in Hexes
  1430 | D:3      | Reached skill level 1 in Charms
  1430 | D:3      | Reached skill level 1 in Summonings
  1430 | D:3      | Reached skill level 1 in Necromancy
  1430 | D:3      | Reached skill level 1 in Translocations
  1430 | D:3      | Reached skill level 1 in Transmutations
  1430 | D:3      | Reached skill level 1 in Ice Magic
  1430 | D:3      | Reached skill level 1 in Air Magic
  1430 | D:3      | Reached skill level 1 in Earth Magic
  1430 | D:3      | Reached skill level 1 in Poison Magic
  1430 | D:3      | Reached XP level 5. HP: 18/37 MP: 0/12
  1594 | D:3      | Noticed Natasha
  1601 | D:3      | Killed Natasha
  1806 | D:3      | Found a basalt altar of Yredelemnul.
  2060 | D:3      | Noticed Natasha
  2064 | D:3      | Killed Natasha
  2176 | D:4      | Reached skill level 2 in Invocations
  2176 | D:4      | Reached XP level 6. HP: 39/44 MP: 10/13
  2229 | D:4      | Reached skill level 5 in Dodging
  2271 | D:4      | Found a white marble altar of Elyvilon.
  2328 | D:4      | Found a glowing drain.
  2356 | Sewer    | Entered a sewer
  2393 | Sewer    | Reached XP level 7. HP: 21/50 MP: 4/15
  3020 | D:4      | Found a glowing silver altar of Zin.
  3023 | D:4      | Noticed laceratedsky's ghost (amateur MiBe)
  3156 | D:5      | Entered Level 5 of the Dungeon
  3255 | D:5      | Reached skill level 5 in Stealth
  3277 | D:5      | Reached skill level 3 in Invocations
  3445 | D:5      | Reached XP level 8. HP: 56/56 MP: 7/16
  4297 | D:6      | Noticed Sigmund
  4301 | D:6      | Killed Sigmund
  4371 | D:6      | Reached skill level 4 in Invocations
  4416 | D:6      | Found Ciddyryz's Antique Armour Shop.
  4422 | D:6      | Bought a pair of slimy boots for 266 gold pieces
  4427 | D:6      | Identified the +0 pair of boots of Generosity {rF++ Int-3 Dex+4 SInv} (You bought it in a shop on level 6 of the Dungeon)
  4466 | D:6      | Found a hide-covered altar of Uskayaw.
  4466 | D:6      | Found a shadowy altar of Dithmenos.
  4526 | D:6      | Reached XP level 9. HP: 59/64 MP: 13/18
  4681 | D:4      | Killed laceratedsky's ghost
  4687 | D:4      | Found Zuasch's Gadget Boutique.
  5014 | D:6      | Found a staircase to the Ecumenical Temple.
  5038 | Temple   | Entered the Ecumenical Temple
  5100 | Temple   | Became a worshipper of Vehumet
  5336 | D:6      | Found an ornate altar of the Wu Jian Council.
  5705 | D:7      | Found an iron altar of Okawaru.
  5921 | D:7      | Found a blossoming altar of Fedhas.
  5978 | D:7      | Found a sand-covered staircase.
  5986 | Ossuary  | Entered an ossuary
  6015 | Ossuary  | Learned a level 5 spell: Fireball
  6215 | Ossuary  | Reached * piety under Vehumet
  6215 | Ossuary  | Offered knowledge of Freeze by Vehumet.
  6329 | Ossuary  | Reached skill level 5 in Invocations
  6487 | D:7      | Noticed Menkaure
  6492 | D:7      | Killed Menkaure
  6503 | D:7      | Found a snail-covered altar of Cheibriados.
  6693 | D:7      | Reached XP level 10. HP: 59/72 MP: 15/20
  6925 | D:8      | Found a staircase to the Lair.
  7117 | D:8      | Reached skill level 5 in Fighting
  7117 | D:8      | Reached skill level 5 in Short Blades
  7117 | D:8      | Reached skill level 5 in Long Blades
  7117 | D:8      | Reached skill level 5 in Axes
  7117 | D:8      | Reached skill level 5 in Maces & Flails
  7117 | D:8      | Reached skill level 5 in Polearms
  7117 | D:8      | Reached skill level 5 in Staves
  7117 | D:8      | Reached skill level 5 in Slings
  7117 | D:8      | Reached skill level 5 in Bows
  7117 | D:8      | Reached skill level 5 in Crossbows
  7117 | D:8      | Reached skill level 5 in Throwing
  7117 | D:8      | Reached skill level 5 in Armour
  7117 | D:8      | Reached skill level 5 in Shields
  7117 | D:8      | Reached skill level 5 in Unarmed Combat
  7117 | D:8      | Reached skill level 5 in Evocations
  7122 | D:8      | Noticed Psyche
  7184 | D:8      | Killed Psyche
  7874 | D:8      | Offered knowledge of Throw Frost by Vehumet.
  7875 | D:8      | Reached ** piety under Vehumet
  7892 | D:8      | Reached skill level 5 in Conjurations
  8295 | D:9      | Found a blossoming altar of Fedhas.
  8298 | D:9      | Found Botukyops's Armour Emporium.
  8298 | D:9      | Found a staircase to the Orcish Mines.
  8307 | D:9      | Found Plog's Weapon Emporium.
  8314 | D:9      | Reached skill level 6 in Invocations
  8489 | D:9      | Noticed a two-headed ogre
  8497 | D:9      | Killed a two-headed ogre
  8594 | D:9      | Reached XP level 11. HP: 71/80 MP: 4/22
  8757 | D:9      | Offered knowledge of Static Discharge by Vehumet.
  8764 | D:9      | Noticed Erica
  8792 | D:9      | Learned a level 3 spell: Mephitic Cloud
  8977 | D:10     | Entered Level 10 of the Dungeon
  9042 | D:10     | Reached *** piety under Vehumet
  9498 | D:10     | Reached skill level 5 in Hexes
  9498 | D:10     | Reached skill level 5 in Charms
  9498 | D:10     | Reached skill level 5 in Summonings
  9498 | D:10     | Reached skill level 5 in Necromancy
  9498 | D:10     | Reached skill level 5 in Translocations
  9498 | D:10     | Reached skill level 5 in Transmutations
  9498 | D:10     | Reached skill level 5 in Ice Magic
  9498 | D:10     | Reached skill level 5 in Air Magic
  9498 | D:10     | Reached skill level 5 in Earth Magic
  9498 | D:10     | Reached skill level 5 in Poison Magic
  9562 | D:9      | Offered knowledge of Airstrike by Vehumet.
  9835 | D:9      | Learned a level 5 spell: Venom Bolt
  9844 | D:9      | Learned a level 4 spell: Airstrike
 10054 | D:9      | Killed Erica
 10377 | D:9      | Noticed a two-headed hydra
 10401 | D:9      | Killed a two-headed hydra
 10401 | D:9      | Reached skill level 7 in Invocations
 10741 | D:10     | Noticed a skeletal warrior
 10805 | D:10     | Killed a skeletal warrior
 11062 | D:10     | Reached **** piety under Vehumet
 11114 | D:10     | Offered knowledge of Iskenderun's Battlesphere by Vehumet.
 11139 | D:10     | Reached XP level 12. HP: 88/89 MP: 6/24
 11393 | D:10     | Noticed Urug
 11417 | D:11     | Noticed Erolcha
 11426 | D:11     | Noticed a four-headed hydra
 11559 | D:10     | Killed Erolcha
 11848 | D:11     | HP: 4/91 [centaur/arrow (8)]
 12055 | D:10     | Killed Urug
 12663 | D:11     | Killed a four-headed hydra
 12663 | D:11     | Reached skill level 8 in Invocations
 12776 | D:11     | Reached ***** piety under Vehumet
 12776 | D:11     | Offered knowledge of Bolt of Cold by Vehumet.
 13104 | D:11     | Noticed an eight-headed hydra
 13230 | D:11     | Killed an eight-headed hydra
 13751 | D:11     | Found Beoxuruc's Jewellery Shop.
 13923 | D:11     | Reached XP level 13. HP: 98/98 MP: 18/26
 13953 | D:11     | Noticed Snorg
 14170 | D:11     | Found the ring of Robustness {AC+8}
 14425 | D:11     | Killed Snorg
 14964 | Lair:1   | Entered Level 1 of the Lair of Beasts
 14964 | Lair:1   | Noticed Joseph
 14972 | Lair:1   | Killed Joseph
 14973 | Lair:1   | Noticed Nergalle
 15101 | Lair:1   | Killed Nergalle
 15586 | Lair:1   | Noticed EphemeralWolf's ghost (novice MiBe)
 15617 | Lair:1   | Learned a level 6 spell: Bolt of Cold
 15946 | Lair:2   | Reached skill level 9 in Invocations
 16632 | Lair:2   | Found a staircase to the Shoals.
 16698 | Lair:2   | Found a hole to the Spider Nest.
 17551 | Lair:3   | Found a burning altar of Makhleb.
 17865 | Lair:4   | Reached skill level 10 in Spellcasting
 17910 | Lair:4   | Reached XP level 14. HP: 82/106 MP: 19/28
 18595 | Lair:4   | Offered knowledge of Force Lance by Vehumet.
 18630 | Lair:4   | Reached skill level 10 in Dodging
 18996 | Lair:5   | Noticed Nessos
 19386 | Lair:5   | Killed Nessos
 19909 | Lair:5   | Reached skill level 10 in Stealth
 20591 | Lair:1   | Killed EphemeralWolf's ghost
 20752 | Lair:1   | Gained mutation: You have sharp toenails. [potion of mutation]
 20752 | Lair:1   | Gained mutation: You are weak. (Str -2) [potion of mutation]
 20752 | Lair:1   | Gained mutation: You have a pair of small horns on your head. [potion of mutation]
 20752 | Lair:1   | Gained mutation: You possess an exceptional clarity of mind. [potion of mutation]
 20879 | Lair:1   | Reached skill level 10 in Invocations
 21928 | D:12     | Got a crude robe
 21929 | D:12     | Identified the +0 robe "Neopnabb" {rElec Int-5 Slay+2 Stlth+} (You found it on level 12 of the Dungeon)
 22018 | D:12     | Learned a level 7 spell: Orb of Destruction
 22451 | D:13     | Offered knowledge of Lightning Bolt by Vehumet.
 22589 | D:13     | Noticed Sonja
 22592 | D:13     | Killed Sonja
 22897 | D:13     | Found a gate to the Vaults.
 23090 | D:13     | Reached XP level 15. HP: 103/114 MP: 4/29
 23911 | D:14     | Found an iron altar of Okawaru.
 24167 | D:14     | Found a corrupted altar of Lugonu.
 24221 | D:14     | Identified Lugonu's Catalogue of Conjuration
 24936 | Orc:1    | Entered Level 1 of the Orcish Mines
 25264 | Orc:2    | Entered Level 2 of the Orcish Mines
 25475 | Orc:2    | Found a staircase to the Elven Halls.
 25475 | Orc:2    | Noticed an orc warlord
 25478 | Orc:2    | Offered knowledge of Freezing Cloud by Vehumet.
 26095 | Orc:1    | Reached skill level 10 in Fire Magic
 26381 | Orc:2    | Found Roigrod's General Store.
 26384 | Orc:2    | Found Rerchieps's General Store.
 26385 | Orc:2    | Found Xuixoata's Antique Weapon Boutique.
 26386 | Orc:2    | Found Ubli's Magic Scroll Shop.
 26390 | Orc:2    | Bought a scroll of teleportation for 39 gold pieces
 26390 | Orc:2    | Bought a potion of lignification for 39 gold pieces
 26392 | Orc:2    | Bought a scroll of identify for 22 gold pieces
 26394 | Orc:2    | Bought 3 scrolls of teleportation for 99 gold pieces
 26394 | Orc:2    | Bought a scroll of teleportation for 33 gold pieces
 26458 | Orc:2    | Found Hialeo's Weapon Shoppe.
 26873 | Orc:1    | Killed an orc warlord
 26873 | Orc:1    | Reached skill level 10 in Fighting
 26873 | Orc:1    | Reached skill level 10 in Short Blades
 26873 | Orc:1    | Reached skill level 10 in Long Blades
 26873 | Orc:1    | Reached skill level 10 in Axes
 26873 | Orc:1    | Reached skill level 10 in Maces & Flails
 26873 | Orc:1    | Reached skill level 10 in Polearms
 26873 | Orc:1    | Reached skill level 10 in Staves
 26873 | Orc:1    | Reached skill level 10 in Slings
 26873 | Orc:1    | Reached skill level 10 in Bows
 26873 | Orc:1    | Reached skill level 10 in Crossbows
 26873 | Orc:1    | Reached skill level 10 in Throwing
 26873 | Orc:1    | Reached skill level 10 in Armour
 26873 | Orc:1    | Reached skill level 10 in Shields
 26873 | Orc:1    | Reached skill level 10 in Unarmed Combat
 26873 | Orc:1    | Reached skill level 10 in Evocations
 27190 | Orc:1    | Learned a level 6 spell: Freezing Cloud
 27407 | Spider:1 | Entered Level 1 of the Spider Nest
 28288 | Spider:1 | Reached skill level 11 in Invocations
 28743 | Spider:1 | Offered knowledge of Bolt of Fire by Vehumet.
 29587 | Spider:2 | Noticed Aizul
 29890 | Spider:2 | Reached XP level 16. HP: 122/122 MP: 27/31
 30279 | Spider:2 | Identified 2 scrolls of acquirement
 30653 | Spider:2 | Killed Aizul
 31007 | Spider:2 | Noticed Azrael
 31016 | Spider:2 | Killed Azrael
 32064 | Spider:3 | Offered knowledge of Poison Arrow by Vehumet.
 32389 | Spider:3 | Paralysed by a hornet for 3 turns
 32821 | Spider:4 | Entered Level 4 of the Spider Nest
 32855 | Spider:4 | Found a frozen archway.
 32917 | IceCv    | Entered an ice cave
 32983 | IceCv    | Learned a level 6 spell: Poison Arrow
 33624 | IceCv    | Got a fine morningstar
 33636 | IceCv    | Identified the +9 morningstar of Wuvitsor {crush, MR++ MP+9} (You found it in an ice cave)
 33750 | IceCv    | Reached ****** piety under Vehumet
 34048 | IceCv    | Noticed an Ice Fiend
 34053 | IceCv    | Killed an Ice Fiend
 34053 | IceCv    | Reached XP level 17. HP: 131/131 MP: 6/33
 34307 | Spider:4 | Offered knowledge of Conjure Ball Lightning by Vehumet.
 34328 | Spider:4 | Reached skill level 12 in Invocations
 36097 | Spider:4 | Got a gossamer rune of Zot
 36345 | Shoals:1 | Entered Level 1 of the Shoals
 36381 | Shoals:1 | Offered knowledge of Shatter by Vehumet.
 36381 | Shoals:1 | Offered knowledge of Tornado by Vehumet.
 36381 | Shoals:1 | Offered knowledge of Ignition by Vehumet.
 36383 | Shoals:1 | Reached skill level 10 in Conjurations
 36385 | Shoals:1 | Noticed Louise
 36501 | Shoals:1 | Killed Louise
 36821 | Shoals:1 | Noticed Roxanne
 36967 | Shoals:1 | Killed Roxanne
 36975 | Shoals:1 | Identified Roxanne's Grimoire of Transformation (You took it off Roxanne on level 1 of the Shoals)
 37430 | Shoals:2 | Found a snail-covered altar of Cheibriados.
 37655 | Shoals:2 | Reached skill level 10 in Hexes
 37655 | Shoals:2 | Reached skill level 10 in Charms
 37655 | Shoals:2 | Reached skill level 10 in Summonings
 37655 | Shoals:2 | Reached skill level 10 in Necromancy
 37655 | Shoals:2 | Reached skill level 10 in Translocations
 37655 | Shoals:2 | Reached skill level 10 in Transmutations
 37655 | Shoals:2 | Reached skill level 10 in Ice Magic
 37655 | Shoals:2 | Reached skill level 10 in Air Magic
 37655 | Shoals:2 | Reached skill level 10 in Earth Magic
 37655 | Shoals:2 | Reached skill level 10 in Poison Magic
 37844 | Shoals:2 | Reached XP level 18. HP: 133/139 MP: 21/34
 38656 | Shoals:2 | Found a blossoming altar of Fedhas.
 38666 | Shoals:2 | Lost mutation: You possess an exceptional clarity of mind. [potion of mutation]
 38666 | Shoals:2 | Lost mutation: You have a pair of small horns on your head. [potion of mutation]
 38666 | Shoals:2 | Gained mutation: Scrolls take you a little longer to read. [potion of mutation]
 38666 | Shoals:2 | Gained mutation: You tend to lose your temper in combat. [potion of mutation]
 38666 | Shoals:2 | Gained mutation: You can translocate small distances at will. [potion of mutation]
 38667 | Shoals:2 | Lost mutation: You are weak. (Str -2) [potion of mutation]
 38667 | Shoals:2 | Lost mutation: You can translocate small distances at will. [potion of mutation]
 38667 | Shoals:2 | Lost mutation: You tend to lose your temper in combat. [potion of mutation]
 38667 | Shoals:2 | Gained mutation: You are robust. (+10% HP) [potion of mutation]
 38667 | Shoals:2 | Gained mutation: You evolve. [potion of mutation]
 39007 | Shoals:3 | Noticed Bai Suzhen
 39227 | Shoals:3 | Killed Bai Suzhen
 39243 | Shoals:3 | Reached skill level 13 in Invocations
 39629 | Shoals:3 | Noticed Polyphemus
 39702 | Shoals:3 | Killed Polyphemus
 40150 | Shoals:4 | Entered Level 4 of the Shoals
 40750 | Shoals:4 | Got a barnacled rune of Zot
 40949 | Shoals:4 | Noticed Ilsuiw
 40958 | Shoals:4 | Killed Ilsuiw
 41014 | Shoals:4 | Reached XP level 19. HP: 112/161 MP: 5/36
 41375 | Shoals:4 | Found the cursed +14 obsidian axe {chop, +Fly SInv *Curse}
 41797 | D:12     | Gained mutation: You have a pair of small horns on your head. [evolution]
 41829 | Vaults:1 | Entered Level 1 of the Vaults
 43449 | Vaults:2 | Paralysed by an ogre mage for 7 turns
 44057 | Vaults:2 | Reached XP level 20. HP: 134/170 MP: 9/37
 44059 | Vaults:2 | Reached skill level 14 in Invocations
 44151 | Vaults:2 | Lost mutation: You have a pair of small horns on your head. [potion of mutation]
 44151 | Vaults:2 | Lost mutation: You have sharp toenails. [potion of mutation]
 44151 | Vaults:2 | Lost mutation: Scrolls take you a little longer to read. [potion of mutation]
 44151 | Vaults:2 | Lost mutation: You are robust. (+10% HP) [potion of mutation]
 44151 | Vaults:2 | Gained mutation: You can translocate small distances at will. [potion of mutation]
 44151 | Vaults:2 | Gained mutation: You are agile. (Dex +2) [potion of mutation]
 44152 | Vaults:2 | Lost mutation: You are agile. (Dex +2) [potion of mutation]
 44152 | Vaults:2 | Lost mutation: You can translocate small distances at will. [potion of mutation]
 44152 | Vaults:2 | Gained mutation: Your flesh is cold resistant. (rC+) [potion of mutation]
 44152 | Vaults:2 | Gained mutation: You are partially covered in molten scales. (AC +2) [potion of mutation]
 44429 | Vaults:2 | Found a staircase to the Crypt.
 44648 | Vaults:2 | Found a portal to a secret trove of treasure.
 44668 | Vaults:2 | Gained mutation: Your spells are a little harder to cast, but a little more powerful. [evolution]
 44825 | Vaults:2 | Found Kieloscha's Gadget Shoppe.
 45620 | Vaults:3 | Found a flickering gateway to a bazaar.
 45629 | Bazaar   | Entered a bazaar
 45629 | Bazaar   | Found Morhem's Book Boutique.
 45629 | Bazaar   | Found Ohuicucs's Jewellery Shop.
 45629 | Bazaar   | Found Reidumn's Book Shop.
 45642 | Bazaar   | Bought a Necronomicon for 1435 gold pieces
 45644 | Bazaar   | Bought a book of Annihilations for 1214 gold pieces
 46850 | Vaults:4 | Reached XP level 21. HP: 145/163 MP: 25/39
 47694 | Vaults:4 | Reached skill level 15 in Invocations
 47923 | Vaults:4 | Noticed a caustic shrike
 47923 | Vaults:4 | a shadow dragon changed into a caustic shrike
 47926 | Vaults:4 | Killed a caustic shrike
 48246 | Vaults:4 | Noticed Margery
 48262 | Vaults:4 | Killed Margery
 48326 | Vaults:4 | Gained mutation: Your movements are slightly less encumbered by armour. (ER -2) [evolution]
 48483 | Vaults:4 | Reached XP level 22. HP: 172/172 MP: 17/40
 49052 | Elf:1    | Entered Level 1 of the Elven Halls
 49327 | Elf:1    | Found Estibbom's Distillery.
 49335 | Elf:1    | Bought a potion of heal wounds for 70 gold pieces
 49434 | Elf:1    | Found Onnavuny's One-of-a-Kind Books.
 49675 | Elf:1    | Identified the Compendium of Conjuration
 49917 | Elf:2    | Found Soarghia's Assorted Antiques.
 49926 | Elf:2    | Found a runed gate.
 49926 | Elf:2    | Found a runed gate.
 49931 | Elf:2    | Bought a pair of embroidered boots for 247 gold pieces
 49941 | Elf:2    | Reached skill level 15 in Spellcasting
 49970 | Elf:2    | Bought a scroll of teleportation for 99 gold pieces
 49971 | Elf:2    | Found a runed gate.
 50053 | Elf:2    | Found Jiquutih's General Store.
 50114 | Elf:2    | Found an ancient bone altar of Kikubaaqudgha.
 50169 | Elf:2    | Found Ubyelul's Food Shoppe.
 50300 | Elf:2    | Found Dylluux's Distillery.
 50537 | Elf:2    | Reached skill level 15 in Dodging
 50916 | Elf:3    | Entered Level 3 of the Elven Halls
 51042 | Elf:3    | Reached skill level 15 in Stealth
 51426 | Elf:3    | Noticed Jorgrun
 51429 | Elf:3    | Killed Jorgrun
 51734 | Elf:3    | Reached XP level 23. HP: 179/179 MP: 32/42
 52051 | Elf:3    | Got a vibrating tin ring
 52053 | Elf:3    | Identified the ring "Sehevu" {MR+ Dex+6} (You took it off a deep elf demonologist on level 3 of the Elven Halls)
 52102 | Elf:3    | Got a smoking morningstar {venom}
 52105 | Elf:3    | Identified the +6 morningstar "Woudd" {venom, -Tele +Inv rC+ Dex+4} (You took it off a deep elf demonologist on level 3 of the Elven Halls)
 52198 | Elf:3    | Got a fine wooden ring
 52206 | Elf:3    | Identified the ring of Sustium {AC+2 Dex+6} (You took it off a deep elf master archer on level 3 of the Elven Halls)
 52265 | Elf:3    | Got a dazzling broad axe {pain}
 52266 | Elf:3    | Identified the cursed +1 broad axe of the New World {pain, +Fly Str-2 SInv} (You took it off a deep elf annihilator on level 3 of the Elven Halls)
 52619 | D:15     | Entered Level 15 of the Dungeon
 52676 | D:15     | Found a staircase to the Depths.
 52842 | D:15     | Got a crude helmet
 52844 | D:15     | Identified the +5 helmet of the Rose {Str+7 Stlth+} (You found it on level 15 of the Dungeon)
 52905 | D:15     | Found a shadowy altar of Dithmenos.
 53140 | D:15     | Gained mutation: You have large cloven feet. [evolution]
 53561 | Lair:6   | Entered Level 6 of the Lair of Beasts
 53588 | Lair:6   | Reached skill level 16 in Invocations
 53617 | Lair:6   | Found a staircase to the Slime Pits.
 54677 | Slime:1  | Entered Level 1 of the Pits of Slime
 54733 | Slime:1  | Gained mutation: Your body sometimes deteriorates upon taking damage. [a shining eye]
 54983 | Slime:1  | Reached skill level 15 in Fighting
 54983 | Slime:1  | Reached skill level 15 in Short Blades
 54983 | Slime:1  | Reached skill level 15 in Long Blades
 54983 | Slime:1  | Reached skill level 15 in Axes
 54983 | Slime:1  | Reached skill level 15 in Maces & Flails
 54983 | Slime:1  | Reached skill level 15 in Polearms
 54983 | Slime:1  | Reached skill level 15 in Staves
 54983 | Slime:1  | Reached skill level 15 in Slings
 54983 | Slime:1  | Reached skill level 15 in Bows
 54983 | Slime:1  | Reached skill level 15 in Crossbows
 54983 | Slime:1  | Reached skill level 15 in Throwing
 54983 | Slime:1  | Reached skill level 15 in Armour
 54983 | Slime:1  | Reached skill level 15 in Shields
 54983 | Slime:1  | Reached skill level 15 in Unarmed Combat
 54983 | Slime:1  | Reached skill level 15 in Evocations
 56177 | Slime:3  | Gained mutation: You are agile. (Dex +2) [a shining eye]
 56783 | Slime:5  | Entered Level 5 of the Pits of Slime
 56797 | Slime:4  | Learned a level 8 spell: Ignition
 56860 | Slime:5  | Noticed the Royal Jelly
 56998 | Slime:5  | Killed the Royal Jelly
 56998 | Slime:5  | Reached XP level 24. HP: 162/189 MP: 30/42
 57274 | Slime:4  | Gained mutation: Your magical capacity is low. (-10% MP) [a shining eye]
 57454 | Slime:5  | Identified Perruqam's Almanac of Augmentations
 57524 | Slime:5  | Got a slimy rune of Zot
 57536 | Slime:5  | Got a translucent chain mail
 57567 | Slime:5  | Identified the +7 chain mail of Parts Unknown {rF- rCorr Int-2 Dex+9} (You found it on level 5 of the Pits of Slime)
 57570 | Slime:5  | Got a dazzling trident
 57571 | Slime:5  | Identified the +1 trident of the Chain {freeze, rElec rN+ Dex+4 Stlth+} (You found it on level 5 of the Pits of Slime)
 57576 | Slime:5  | Got a fine pewter ring
 57577 | Slime:5  | Identified the ring of Vuutzin {rC+ MR+} (You found it on level 5 of the Pits of Slime)
 57847 | Slime:4  | Gained mutation: You are weak. (Str -2) [a shining eye]
 57851 | Slime:4  | Gained mutation: You occasionally shout uncontrollably at your foes. [a shining eye]
 57888 | Slime:4  | Gained mutation: Your spells are harder to cast, but more powerful. [evolution]
 58065 | Lair:6   | Lost mutation: You occasionally shout uncontrollably at your foes. [potion of mutation]
 58065 | Lair:6   | Lost mutation: You are agile. (Dex +2) [potion of mutation]
 58065 | Lair:6   | Gained mutation: You have a pair of small horns on your head. [potion of mutation]
 58065 | Lair:6   | Lost mutation: You are weak. (Str -2) [potion of mutation]
 58313 | Depths:1 | Entered Level 1 of the Depths
 58620 | Depths:1 | Lost mutation: Your flesh is cold resistant. (rC+) [potion of mutation]
 58620 | Depths:1 | Lost mutation: Your body sometimes deteriorates upon taking damage. [potion of mutation]
 58620 | Depths:1 | Lost mutation: You have a pair of small horns on your head. [potion of mutation]
 58620 | Depths:1 | Gained mutation: You are clumsy. (Dex -2) [potion of mutation]
 58620 | Depths:1 | Gained mutation: You are frail. (-10% HP) [potion of mutation]
 58620 | Depths:1 | Gained mutation: You are partially covered in icy blue scales. (AC +2) [potion of mutation]
 58620 | Depths:1 | Lost mutation: You are clumsy. (Dex -2) [potion of mutation]
 58621 | Depths:1 | Lost mutation: You are frail. (-10% HP) [potion of mutation]
 58621 | Depths:1 | Lost mutation: You have large cloven feet. [potion of mutation]
 58621 | Depths:1 | Gained mutation: Your mind is acute. (Int +2) [potion of mutation]
 58621 | Depths:1 | Gained mutation: Armour fits poorly on your strangely shaped body. [potion of mutation]
 58621 | Depths:1 | Gained mutation: Your flesh is heat resistant. (rF+) [potion of mutation]
 58856 | Depths:1 | Found a gateway to Hell.
 59591 | Depths:2 | Noticed Salasann's ghost (adept DsBe)
 59716 | Depths:2 | Paralysed by a great orb of eyes for 2 turns
 59813 | Depths:2 | Killed Salasann's ghost
 59828 | Depths:2 | Reached skill level 17 in Invocations
 59925 | Depths:2 | Found a one-way gate to the infinite horrors of the Abyss.
 60103 | Depths:2 | Noticed a juggernaut
 60117 | Depths:2 | Killed a juggernaut
 60117 | Depths:2 | Reached XP level 25. HP: 82/197 MP: 14/39
 60129 | Depths:2 | Paralysed by a lich for 7 turns
 60135 | Depths:2 | Slain by an ettin

Skill      XL: |  1  2  3  4  5  6  7  8  9 10 11 12 13 14 15 16 17 18 19 20 21 22 23 24 |
---------------+-------------------------------------------------------------------------+-----
Conjurations   | 2 3 4 5 6 7 8 9 10 11 12 13 | 13.8
Spellcasting   | 5 6 7 8 9 10 11 12 13 14 15 16 | 16.4
Invocations    | 1 2 3 4 5 6 7 8 9 10 11 12 13 14 15 16 17 | 17.0
Fighting       | 1 2 3 4 5 6 7 8 9 10 11 12 13 14 15 | 15.8
Short Blades   | 1 2 3 4 5 6 7 8 9 10 11 12 13 14 15 | 15.8
Long Blades    | 1 2 3 4 5 6 7 8 9 10 11 12 13 14 15 | 15.8
Axes           | 1 2 3 4 5 6 7 8 9 10 11 12 13 14 15 | 15.8
Maces & Flails | 1 2 3 4 5 6 7 8 9 10 11 12 13 14 15 | 15.8
Polearms       | 1 2 3 4 5 6 7 8 9 10 11 12 13 14 15 | 15.8
Staves         | 1 2 3 4 5 6 7 8 9 10 11 12 13 14 15 | 15.8
Slings         | 1 2 3 4 5 6 7 8 9 10 11 12 13 14 15 | 15.8
Bows           | 1 2 3 4 5 6 7 8 9 10 11 12 13 14 15 | 15.8
Crossbows      | 1 2 3 4 5 6 7 8 9 10 11 12 13 14 15 | 15.8
Throwing       | 1 2 3 4 5 6 7 8 9 10 11 12 13 14 15 | 15.8
Armour         | 1 2 3 4 5 6 7 8 9 10 11 12 13 14 15 | 15.8
Shields        | 1 2 3 4 5 6 7 8 9 10 11 12 13 14 15 | 15.8
Unarmed Combat | 1 2 3 4 5 6 7 8 9 10 11 12 13 14 15 | 15.8
Evocations     | 1 2 3 4 5 6 7 8 9 10 11 12 13 14 15 | 15.8
Hexes          | 1 2 3 4 5 6 7 8 9 10 11 12 13 | 13.6
Charms         | 1 2 3 4 5 6 7 8 9 10 11 12 13 | 13.6
Summonings     | 1 2 3 4 5 6 7 8 9 10 11 12 13 | 13.6
Necromancy     | 1 2 3 4 5 6 7 8 9 10 11 12 13 | 13.6
Translocations | 1 2 3 4 5 6 7 8 9 10 11 12 13 | 13.6
Transmutations | 1 2 3 4 5 6 7 8 9 10 11 12 13 | 13.6
Ice Magic      | 1 2 3 4 5 6 7 8 9 10 11 12 13 | 13.6
Air Magic      | 1 2 3 4 5 6 7 8 9 10 11 12 13 | 13.6
Earth Magic    | 1 2 3 4 5 6 7 8 9 10 11 12 13 | 13.6
Poison Magic   | 1 2 3 4 5 6 7 8 9 10 11 12 13 14 | 14.1
Dodging        | 5 6 7 8 9 10 11 12 13 14 15 16 | 16.3
Stealth        | 5 6 7 8 9 10 11 12 13 14 15 16 | 16.7
Fire Magic     | 6 7 8 9 10 11 12 13 14 | 14.5

Action                   |  1- 3 |  4- 6 |  7- 9 | 10-12 | 13-15 | 16-18 | 19-21 | 22-24 | 25-27 || total
-------------------------+-------+-------+-------+-------+-------+-------+-------+-------+-------++-------
Melee: Unarmed           |    15 |       |     7 |       |       |       |       |       |       ||    22
       Short sword       |       |    53 |   184 |    49 |       |       |       |       |       ||   286
       Bite              |       |     7 |    23 |    31 |    46 |    63 |    33 |    66 |       ||   269
       Punch             |       |       |     2 |     7 |     4 |     1 |       |       |       ||    14
       Staff             |       |       |    46 |   212 |   421 |   431 |   220 |   342 |       ||  1672
       Scimitar          |       |       |       |    12 |       |       |       |       |       ||    12
       Headbutt          |       |       |       |       |    46 |    95 |    25 |     6 |       ||   172
       Morningstar       |       |       |       |       |       |    60 |    52 |    21 |       ||   133
Throw: Throwing net      |       |       |       |     1 |       |       |       |       |       ||     1
 Cast: Flame Tongue      |    52 |    72 |   106 |   287 |   151 |    26 |     5 |       |       ||   699
       Sticky Flame      |       |     5 |    49 |   131 |   277 |   202 |   115 |    64 |     1 ||   844
       Fireball          |       |       |       |    59 |   195 |   313 |   343 |   359 |     1 ||  1270
       Conjure Flame     |       |       |       |     3 |     2 |       |       |       |       ||     5
       Venom Bolt        |       |       |       |     7 |     5 |       |       |       |       ||    12
       Mephitic Cloud    |       |       |       |     2 |       |       |       |       |       ||     2
       Bolt of Cold      |       |       |       |       |     3 |     1 |       |       |       ||     4
       Airstrike         |       |       |       |       |     7 |     1 |     1 |    76 |       ||    85
       Orb of Destructio |       |       |       |       |     2 |     4 |     3 |     5 |       ||    14
       Freezing Cloud    |       |       |       |       |    12 |    51 |       |     6 |       ||    69
       Poison Arrow      |       |       |       |       |       |    15 |    96 |    75 |     2 ||   188
       Ignition          |       |       |       |       |       |       |       |    33 |       ||    33
Evoke: Wand              |       |       |       |       |       |     4 |       |       |       ||     4
       Sack of spiders   |       |       |       |       |       |       |       |     2 |       ||     2
  Use: Scroll            |       |       |     5 |    10 |    14 |    12 |    21 |     9 |       ||    71
       Potion            |       |       |       |     6 |     2 |     5 |     8 |     3 |       ||    24
 Stab: Sleeping          |       |     1 |    12 |     3 |     3 |     1 |       |     1 |       ||    21
       Distracted        |       |       |     1 |       |       |       |     1 |     1 |       ||     3
  Eat: Chunk             |       |     5 |    20 |    25 |    67 |    30 |    43 |    34 |       ||   224
       Ration            |       |       |       |     6 |     6 |     6 |     1 |     7 |       ||    26
Armor: Robe              |    11 |    11 |    60 |    96 |     4 |       |       |       |       ||   182
       Troll leather arm |       |       |       |       |   355 |   313 |   158 |   110 |     6 ||   942
       Skin              |       |       |       |       |       |     3 |    15 |       |       ||    18
Dodge: Dodged            |    39 |    61 |   285 |   516 |   658 |   820 |   356 |   251 |     3 ||  2989
Block: Shield            |       |       |       |       |   322 |   708 |   379 |   280 |       ||  1689
       Rpst.: Scimitar   |       |       |       |     4 |       |       |       |       |       ||     4
